 Dungeon Crawl Stone Soup version 0.20-a0-1040-gfd09691 (webtiles) character file.

196960 Deemzul the Warrior (level 17, -4/142 HPs)
             Began as a Mummy Fighter on Apr 23, 2017.
             Was an Initiate of Gozag.
             Slain by Agnes
             ... wielding a +3 antimagic lajatang
              (31 damage)
             ... on level 1 of the Spider Nest.
             The game lasted 01:26:48 (49114 turns).

Deemzul the Warrior (Mummy Fighter)                Turns: 49114, Time: 01:26:49

Health: -4/142     AC: 33    Str: 21    XL:     17   Next: 76%
Magic:  0/32       EV:  8    Int: 10    God:    Gozag
Gold:   3085       SH:  0    Dex: 13    Spells: 33/38 levels left

rFire    . . .     SeeInvis +   q - +5 sword of Power
rCold    . . .     Gourm    .   (shield currently unavailable)
rNeg     + + +     Faith    .   c - +1 crystal plate armour of the Armoured One {Regen+}
rPois    ∞         Spirit   .   z - +3 crown of Dyrovepreva {rElec Int+2 SInv}
rElec    +         Reflect  .   I - +2 cloak {MR+}
rCorr    +         Harm     .   B - +2 pair of gloves of Purpose {rN+ Dex-3 Slay+5 Stlth+}
MR       +++++     Clarity  +   i - +0 pair of boots
Stlth    ..........             X - amulet of the Four Winds {rN+ MR+++ Clar}
Regen    0.8/turn               t - ring of resist corrosion
MPRegen  0.3/turn               P - ring of fire

@: no status effects
A: no food or potions, fire vulnerability, cold resistance 1, negative energy
resistance 3, torment resistance, unbreathing, in touch with death 1
}: 1/15 runes: decaying
a: Potion Petition, Call Merchant, Bribe Branch, Renounce Religion


You were on level 1 of the Spider Nest.
You worshipped Gozag.
Gozag was most pleased with you.
You were not hungry.

You visited 7 branches of the dungeon, and saw 31 of its levels.

You collected 12445 gold pieces.
You spent 3936 gold pieces at shops.
You paid 5424 gold pieces to Gozag.

Inventory:

Hand Weapons
 a - a +1 long sword
 h - the +8 demon blade of Theory {drain, -Tele Str+8 SInv Stlth-}
   (You bought it in a shop on level 2 of the Swamp)

   A truly terrible weapon, it drains the life of those it strikes.
   It affects your strength (+8).
   It lets you see invisible.
   It prevents most forms of teleportation.
   It makes you less stealthy.
 q - the +5 sword of Power (weapon)
   (You found it on level 4 of the Dungeon)
Armour
 c - the +1 crystal plate armour of the Armoured One (worn) {Regen+}
   (You found it on level 6 of the Lair of Beasts)

   It increases your rate of regeneration.
 i - a +0 pair of boots (worn)
 z - the +3 crown of Dyrovepreva (worn) {rElec Int+2 SInv}
   (You bought it in a shop on level 8 of the Dungeon)

   It affects your intelligence (+2).
   It insulates you from electricity.
   It lets you see invisible.
 B - the +2 pair of gloves of Purpose (worn) {rN+ Dex-3 Slay+5 Stlth+}
   (You bought it in a shop on level 8 of the Dungeon)

   It affects your dexterity (-3).
   It affects your accuracy and damage with ranged weapons and melee attacks
   (+5).
   It protects you from negative energy.
   It makes you more stealthy.
 I - a +2 cloak of magic resistance (worn)
 J - the +2 pair of gloves of the Sky {-Tele rF+ Dex+2}
   (You found it on level 11 of the Dungeon)

   It affects your dexterity (+2).
   It protects you from fire.
   It prevents most forms of teleportation.
Jewellery
 d - an uncursed ring of stealth
 g - an uncursed ring of protection from magic
 s - an uncursed ring of flight
 t - a ring of resist corrosion (left hand)
 y - an uncursed ring of stealth
 P - a ring of fire (right hand)
 X - the amulet of the Four Winds (around neck) {rN+ MR+++ Clar}
   (You bought it in a shop on level 15 of the Dungeon)

   [amulet of nothing]

   It protects you from negative energy.
   It affects your resistance to hostile enchantments.
   It protects you against confusion.
Wands
 b - a wand of confusion (16/48)
 e - a wand of confusion (19/48)
 j - a wand of iceblast (3/15)
 m - a wand of iceblast (3/15)
 n - a wand of scattershot (0/9)
 r - a wand of scattershot (0/9)
 u - a wand of scattershot (0/9)
 v - a wand of lightning (9/15)
 w - a wand of acid (3/15)
 D - a wand of confusion (26/48)
 E - a wand of iceblast (7/15)
 G - a wand of disintegration (1/24)
 H - a wand of digging (18/24)
 L - a wand of paralysis (10/24)
 O - a wand of confusion (20/48)
 R - a wand of lightning (7/15)
 U - a wand of paralysis (11/24)
 V - a wand of acid (0/15)
 W - a wand of paralysis (10/24)
 Y - a wand of paralysis (17/24)
Scrolls
 f - 6 scrolls of teleportation
 k - a scroll of blinking
 l - 3 scrolls of magic mapping
 o - 8 scrolls of amnesia
 p - 14 scrolls of identify
 x - 10 scrolls of remove curse
 A - a scroll of random uselessness {unknown}
 F - a scroll of fog
 Z - 6 scrolls of recharging
Books
 C - a book of Transfigurations

   Spells                             Type                      Level
   a - Irradiate                      Conjuration/Transmutation    5
   b - Statue Form                    Transmutation/Earth          6
   c - Hydra Form                     Transmutation                6
   d - Dragon Form                    Transmutation                7
Miscellaneous
 Q - a lamp of fire


   Skills:
 * Level 15.6 Fighting
 * Level 12.7 Long Blades
 * Level 11.2 Armour
 + Level 9.9 Dodging
 + Level 8.2 Stealth
   Level 3.2 Shields
 + Level 11.4 Spellcasting
 + Level 6.3 Charms
 + Level 8.5 Evocations


You had 33 spell levels left.
You knew the following spells:

 Your Spells              Type           Power        Failure   Level  Hunger
a - Infusion              Chrm           ###.         54%         1    N/A
b - Song of Slaying       Chrm           ###.....     67%         2    N/A
c - Passwall              Tmut/Erth      #.........   100%        2    N/A

Dungeon Overview and Level Annotations

Branches:
Dungeon (15/15)            Temple (1/1) D:5            Lair (6/6) D:8
  Swamp (4/4) Lair:2       Spider (2/4) Lair:3        Slime (0/5) Lair:6
    Orc (2/2) D:12            Elf (0/3) Orc:2        Vaults (0/5) D:13
 Depths (1/5) D:15

Altars:
Ashenzari
Cheibriados
Dithmenos
Elyvilon
Fedhas
Gozag
Hepliaklqana
Kikubaaqudgha
Makhleb
Nemelex Xobeh
Okawaru
Qazlal
Ru
Sif Muna
Trog
Uskayaw
Vehumet
Wu Jian
Xom
Yredelemnul
Zin
The Shining One
Beogh

Shops:
D:4 !   D:8 [   D:11 [   D:12 *   D:15 =   Orc:2 =([*(=   Lair:4 (   Swamp:2 (

Portals:
Hell: Depths:1

Annotations:
D:10 Urug
Swamp:4 exclusion: Roxanne, Roxanne
Spider:1 Agnes
Spider:2 Arachne
Depths:1 Margery


Innate Abilities, Weirdness & Mutations

You do not eat or drink.
Your flesh is vulnerable to fire.
You are immune to poison.
Your flesh is cold resistant. (rC+)
You are immune to negative energy. (rN+++)
You are immune to unholy pain and torment.
You can survive without breathing.
You are in touch with the powers of death.


Message History

Agnes is moderately wounded.
Agnes hits you with an antimagic lajatang.
You feel your power leaking away.
Agnes hits you with an antimagic lajatang!
You feel your power leaking away.
Agnes hits you with an antimagic lajatang.
You feel your power leaking away.
You slash Agnes!
Agnes is moderately wounded.
Agnes hits you with an antimagic lajatang!!
You feel your power leaking away. Agnes hits you but does no damage.
You slice Agnes!!
Agnes is heavily wounded.
Agnes hits you with an antimagic lajatang!!
* * * LOW HITPOINT WARNING * * *
You feel your power leaking away.
Agnes hits you with an antimagic lajatang!!
You die...
Your body crumbles into a pile of gold.

#≈≈≈≈≈≈## ####....#
#≈≈≈≈≈###.......##
##≈≈#≈#.......#...##
#≈≈≈#.....≈≈≈≈#....#
####≈≈≈....≈≈≈≈≈≈....#
#≈≈≈≈≈≈≈#≈≈≈#...≈#..##
≈≈#≈≈≈≈≈≈≈#......≈..#
≈≈≈≈≈#≈≈≈≈^......#..#
≈≈≈≈#≈≈≈≈##@i.......#
≈≈≈≈≈≈≈≈#####.......#
#≈≈≈≈≈≈## #..#.<..##
≈≈#≈≈## ##.....## ≈≈#
###...#######
#....##.#..###
##...^.......##
####............#
##....#.....#.....


You could see Agnes (berserk).

Vanquished Creatures
  A bone dragon (Swamp:4)
  A tengu reaver (D:13)
  2 storm dragons (D:13)
  A frost giant (D:13)
  An emperor scorpion (Spider:1)
  An iron dragon (D:13)
  2 orc warlords (Orc:2)
  A stone giant (Orc:2)
  An entropy weaver (Spider:1)
  A dire elephant (D:15)
  A deep elf annihilator (D:13)
  3 ettins
  Josephine (Lair:5)
  A deep elf high priest (D:13)
  2 vault guards (D:13)
  9 hydras
  A rakshasa (D:14)
  3 ghost crabs
  2 ogre magi
  10 centaur warriors
  7 two-headed ogres
  A death knight (D:13)
  2 tengu warriors (D:13)
  11 alligators
  2 deep troll earth magi (D:13)
  6 orc high priests
  Nergalle (D:11)
  7 spriggans
  A hell knight (D:15)
  A death drake (Swamp:4)
  2 spectral hydras (Swamp:4)
  4 wizards
  6 unseen horrors
  3 swamp dragons
  The ghost of SushiGirl the Conjurer, a novice DECj of Vehumet (D:7)
  A spriggan druid (Swamp:4)
  2 deep elf archers (D:13)
  3 shambling mangroves
  A swamp dragon (shapeshifter) (D:14)
  2 flayed ghosts (D:13)
  A harpy (D:13)
  A phantasmal warrior (Swamp:4)
  6 orc knights
  2 necromancers
  3 deep elf magi
  3 manticores
  3 orb spiders (Spider:1)
  A salamander (D:15)
  9 orc sorcerers
  14 wolf spiders
  11 ugly things
  7 cyclopes
  A moth of wrath (Spider:2)
  2 black mambas
  Maurice (D:11)
  A molten gargoyle (Orc:1)
  3 gargoyles
  29 spiny frogs
  7 komodo dragons
  A swamp worm zombie (Swamp:4)
  A kobold demonologist (D:14)
  3 rime drakes
  An efreet (D:15)
  3 demonic crawlers (Spider:1)
  2 queen bees
  6 meliai
  A polar bear (Lair:6)
  A tengu conjurer (D:13)
  2 yaktaurs (D:13)
  3 hydra zombies (Swamp:4)
  8 trolls
  8 jumping spiders
  A jumping spider (shapeshifter) (D:15)
  10 tyrant leeches
  14 blink frogs
  18 hornets
  9 hippogriffs
  12 bog bodies
  17 slime creatures
  4 spectral swamp dragons (Swamp:4)
  6 alligator zombies (Swamp:4)
  A snapping turtle (shapeshifter) (D:14)
  A centaur simulacrum (D:13)
  A spriggan (shapeshifter) (D:13)
  8 tarantellas (Spider:1)
  Sigmund (D:6)
  37 redbacks
  2 shadows
  5 wraiths
  3 basilisks
  6 wyverns
  A fire elemental (Orc:1)
  Grum (D:11)
  A vampire (D:10)
  18 humans (D:13)
  31 vampire mosquitoes
  4 hungry ghosts
  5 wargs
  40 yaks
  16 insubstantial wisps
  2 soldier ants
  16 swamp worms
  An acid dragon (D:14)
  7 porcupines
  15 water moccasins
  4 swamp drakes
  49 orc warriors
  5 ice beasts
  3 sky beasts
  12 phantoms
  4 swamp dragon zombies (Swamp:4)
  An eye of draining (D:11)
  A necrophage (D:6)
  2 black bears
  17 centaurs
  13 wolves
  13 ogres
  14 crocodiles
  3 big kobolds
  28 bullfrogs
  A gnoll sergeant (Orc:2)
  2 wyvern zombies
  A wyvern skeleton (D:9)
  4 scorpions
  10 wights
  63 killer bees
  7 electric eels
  9 howler monkeys
  4 crimson imps
  A lava snake (D:11)
  A bullfrog zombie (D:7)
  5 jellies
  3 centaur zombies
  3 quasits
  A wyvern simulacrum (D:13)
  A bullfrog skeleton (D:10)
  10 hounds
  2 centaur skeletons
  A gnoll shaman (D:7)
  39 orc priests
  60 orc wizards
  3 iguanas
  A spectral swamp drake (Swamp:4)
  14 worker ants
  3 killer bee zombies
  A hound zombie (D:5)
  A hound skeleton (D:4)
  18 gnolls
  A swamp drake zombie (Swamp:4)
  13 adders
  3 shadow imps
  4 oozes
  An adder skeleton (D:9)
  7 worms
  2 dart slugs (D:1)
  6 leopard geckos
  175 orcs
  7 bats
  3 giant cockroaches
  3 goblins
  4 hobgoblins
  11 jackals
  2 quokkas
  7 frilled lizards
  19 kobolds
  A leopard gecko zombie (D:6)
  A quokka skeleton (D:7)
  12 rats
1288 creatures vanquished.

Vanquished Creatures (collateral kills)
  A two-headed ogre (D:10)
  An orc sorcerer (Orc:2)
  An orc warrior (Orc:2)
  An orc wizard (Orc:2)
4 creatures vanquished.

Vanquished Creatures (others)
  A thorn hunter (Swamp:2)
  An ettin (Orc:2)
  An orc warrior (Orc:2)
  A meliai (D:14)
  A hornet (Swamp:2)
  2 insubstantial wisps (Swamp:4)
  A shadow imp (D:10)
  An orc (Orc:1)
  23 fungi
  38 plants
70 creatures vanquished.

Grand Total: 1362 creatures vanquished

Notes
Turn   | Place    | Note
-------+----------+-------------------------------------------
     0 | D:1      | Deemzul the Mummy Fighter began the quest for the Orb.
     0 | D:1      | Reached XP level 1. HP: 18/18 MP: 1/1
   240 | D:1      | Reached XP level 2. HP: 24/24 MP: 2/2
  1027 | D:2      | Reached XP level 3. HP: 29/29 MP: 3/3
  1100 | D:2      | Reached skill level 1 in Dodging
  1783 | D:2      | Reached XP level 4. HP: 24/37 MP: 4/4
  2349 | D:3      | Reached skill level 4 in Fighting
  2404 | D:3      | Reached XP level 5. HP: 37/42 MP: 5/5
  2640 | D:3      | Found a stormy altar of Qazlal.
  2820 | D:4      | Found a burning altar of Makhleb.
  2827 | D:4      | Got a scorched ring mail
  2838 | D:4      | Identified the +5 ring mail of the Desert {Dex+4} (You found it on level 4 of the Dungeon)
  2997 | D:4      | Found Noent's Distillery.
  3105 | D:4      | Reached XP level 6. HP: 49/49 MP: 6/6
  3366 | D:4      | Reached skill level 5 in Fighting
  3464 | D:5      | Entered Level 5 of the Dungeon
  3529 | D:5      | Found a staircase to the Ecumenical Temple.
  3611 | Temple   | Entered the Ecumenical Temple
  3720 | Temple   | Became a worshipper of Gozag Ym Sagoz the Greedy
  3988 | D:5      | Reached XP level 7. HP: 30/56 MP: 7/7
  4279 | D:5      | HP: 2/56 [orc priest/trident (4)]
  5676 | D:6      | Reached skill level 6 in Fighting
  5988 | D:5      | Reached XP level 8. HP: 62/64 MP: 8/8
  6495 | D:6      | Found a white marble altar of Elyvilon.
  6571 | D:6      | Noticed Sigmund
  6686 | D:7      | Reached skill level 7 in Fighting
  6932 | D:7      | Noticed SushiGirl's ghost (novice DECj)
  7262 | D:8      | Reached XP level 9. HP: 73/73 MP: 9/9
  7291 | D:8      | Reached skill level 5 in Armour
  7304 | D:8      | Found a roughly hewn altar of Beogh.
  7514 | D:8      | Noticed a troll
  7519 | D:8      | Killed a troll
  7519 | D:8      | Reached skill level 8 in Fighting
  7532 | D:8      | Found Rorphic's Antique Armour Shoppe.
  7540 | D:8      | Bought the +3 crown of Dyrovepreva {rElec Int+2 SInv} for 703 gold pieces
  7579 | D:8      | Reached skill level 5 in Long Blades
  7654 | D:8      | Reached skill level 1 in Evocations
  7731 | D:8      | Found an iron altar of Okawaru.
  8097 | D:6      | Killed Sigmund
  8382 | D:8      | Bought a pair of fine gloves for 161 gold pieces
  8411 | D:7      | Identified the +2 pair of gloves of Purpose {rN+ Dex-3 Slay+5 Stlth+} (You bought it in a shop on level 8 of the Dungeon)
  8597 | D:7      | Killed SushiGirl's ghost
  8597 | D:7      | Reached skill level 9 in Fighting
  8597 | D:7      | Reached XP level 10. HP: 58/83 MP: 11/11
  8825 | D:7      | Reached skill level 5 in Dodging
  9061 | D:9      | Learned a level 1 spell: Infusion
  9064 | D:9      | Learned a level 2 spell: Song of Slaying
  9496 | D:9      | Reached skill level 1 in Spellcasting
 10022 | D:10     | Entered Level 10 of the Dungeon
 10026 | D:10     | Noticed Urug
 10461 | D:10     | Noticed a two-headed ogre
 10470 | D:10     | Killed a two-headed ogre
 10733 | D:10     | Noticed an unseen horror
 10794 | D:10     | Killed an unseen horror
 10794 | D:10     | Reached skill level 10 in Fighting
 11292 | D:11     | Noticed Maurice
 11315 | D:11     | Reached XP level 11. HP: 78/90 MP: 15/15
 11495 | D:11     | Killed Maurice
 11537 | D:11     | Noticed Nergalle
 11571 | D:11     | Killed Nergalle
 11626 | D:11     | Bought a runed cloak for 180 gold pieces
 11762 | D:11     | Noticed Grum
 11775 | D:11     | Killed Grum
 12061 | D:11     | Got a pair of warped gloves
 12072 | D:11     | Identified the +2 pair of gloves of the Sky {-Tele rF+ Dex+2} (You found it on level 11 of the Dungeon)
 12760 | D:11     | Reached skill level 1 in Stealth
 13932 | D:12     | Reached skill level 11 in Fighting
 14223 | D:12     | Reached skill level 5 in Spellcasting
 14223 | D:12     | Reached XP level 12. HP: 70/100 MP: 19/19
 14420 | D:12     | Found a glowing silver altar of Zin.
 15359 | D:12     | Found a roughly hewn altar of Beogh.
 15359 | D:12     | Found a staircase to the Orcish Mines.
 17065 | D:13     | Noticed a storm dragon
 17065 | D:13     | Noticed a tengu reaver
 17069 | D:13     | Found a runed door.
 17088 | D:13     | Noticed a death knight
 17220 | Orc:1    | Entered Level 1 of the Orcish Mines
 17226 | Orc:1    | Noticed an ettin
 17266 | Orc:1    | Killed an ettin
 17857 | Orc:2    | Entered Level 2 of the Orcish Mines
 17995 | Orc:2    | Found Tuesmu's Jewellery Boutique.
 18485 | Orc:2    | Noticed an orc high priest
 18494 | Orc:2    | Killed an orc high priest
 18958 | Orc:2    | Found a staircase to the Elven Halls.
 19048 | Orc:2    | Found a roughly hewn altar of Beogh.
 19126 | Orc:2    | Noticed a stone giant
 19272 | Orc:2    | Killed a stone giant
 20159 | Orc:2    | Noticed an orc warlord
 20170 | Orc:2    | Killed an orc warlord
 20359 | Orc:2    | Reached skill level 12 in Fighting
 20531 | Orc:1    | Noticed an orc high priest
 20536 | Orc:1    | Gained mutation: You are in touch with the powers of death. [Mummy growth]
 20536 | Orc:1    | Reached XP level 13. HP: 70/108 MP: 23/23
 20545 | Orc:1    | Reached skill level 5 in Evocations
 21367 | Orc:2    | Noticed an ettin
 22465 | Orc:2    | Found Zazayclu's General Store.
 22466 | Orc:2    | Found Usiqo's Jewellery Boutique.
 22467 | Orc:2    | Found Teisil's Antique Armour Shop.
 22467 | Orc:2    | Found Afoafa's Antique Weapon Shop.
 23197 | Orc:1    | Noticed an orc warlord
 23450 | Orc:2    | Bought ancient acid dragon scales for 1350 gold pieces
 23460 | Orc:2    | Identified the cursed +1 acid dragon scales "Kacum" {+Inv rF+ rC- rN+ rCorr} (You bought it in a shop on level 2 of the Orcish Mines)
 23920 | D:8      | Found a staircase to the Lair.
 24179 | D:8      | Found an ornate altar of the Wu Jian Council.
 24179 | D:8      | Found a sacrificial altar of Ru.
 24345 | Lair:1   | Entered Level 1 of the Lair of Beasts
 24823 | Lair:1   | Reached skill level 5 in Stealth
 24827 | Lair:1   | Reached skill level 10 in Long Blades
 26080 | Lair:2   | Found a staircase to the Swamp.
 27433 | Lair:3   | Found a hole to the Spider Nest.
 27450 | Lair:3   | Reached skill level 1 in Charms
 28056 | Lair:4   | Reached XP level 14. HP: 115/116 MP: 25/25
 29109 | Lair:5   | Noticed Josephine
 29117 | Lair:5   | Killed Josephine
 29117 | Lair:5   | Reached skill level 13 in Fighting
 29591 | Lair:6   | Entered Level 6 of the Lair of Beasts
 30846 | Lair:6   | Found a staircase to the Slime Pits.
 32657 | Lair:6   | Identified the Papyrus of Dusty Snow
 32667 | Lair:6   | Got an encrusted crystal plate armour
 32668 | Lair:6   | Identified the +1 crystal plate armour of the Armoured One {Regen+} (You found it on level 6 of the Lair of Beasts)
 33061 | Orc:2    | Killed an orc warlord
 35177 | D:13     | Reached XP level 15. HP: 93/124 MP: 28/28
 35536 | D:13     | Found a gate to the Vaults.
 36097 | D:13     | Noticed a storm dragon
 36097 | D:13     | Noticed a frost giant
 36097 | D:13     | Noticed an iron dragon
 36225 | D:13     | Killed an iron dragon
 36225 | D:13     | Reached skill level 14 in Fighting
 36255 | D:13     | Killed a frost giant
 36392 | D:13     | Killed a tengu reaver
 36404 | D:13     | Killed a storm dragon
 36480 | D:13     | Got a smoking plate armour
 36481 | D:13     | Identified the +8 plate armour of Dosoddoa {rPois Str+2 Stlth-} (You found it on level 13 of the Dungeon)
 36675 | D:13     | Killed a storm dragon
 37653 | D:13     | Reached skill level 10 in Spellcasting
 38069 | D:14     | Reached XP level 16. HP: 133/134 MP: 30/30
 38287 | D:13     | Reached skill level 5 in Charms
 39039 | D:14     | Learned a level 2 spell: Passwall
 39530 | D:15     | Entered Level 15 of the Dungeon
 40198 | D:11     | Bought a glowing cloak for 180 gold pieces
 40299 | D:15     | Bought the amulet of the Four Winds {rN+ MR+++ Clar} for 702 gold pieces
 41109 | D:15     | Reached skill level 10 in Armour
 41223 | D:15     | Found a staircase to the Depths.
 41674 | Depths:1 | Entered Level 1 of the Depths
 41674 | Depths:1 | Found a gateway to Hell.
 41674 | Depths:1 | Noticed Margery
 41812 | D:15     | Identified 3 scrolls of acquirement
 42023 | Swamp:1  | Entered Level 1 of the Swamp
 42751 | Swamp:2  | Noticed a thorn hunter
 43115 | Swamp:2  | Killed a thorn hunter
 43115 | Swamp:2  | Reached skill level 15 in Fighting
 43587 | Swamp:2  | Bought a warped demon blade for 660 gold pieces
 43587 | Swamp:2  | Identified the +8 demon blade of Theory {drain, -Tele Str+8 SInv Stlth-} (You bought it in a shop on level 2 of the Swamp)
 44385 | Swamp:3  | Reached XP level 17. HP: 86/142 MP: 30/32
 45021 | Swamp:4  | Entered Level 4 of the Swamp
 45062 | Swamp:4  | Noticed Roxanne
 46376 | Swamp:4  | Noticed a bone dragon
 46556 | Swamp:4  | Killed a bone dragon
 46689 | Swamp:4  | Got a decaying rune of Zot
 47329 | Spider:1 | Entered Level 1 of the Spider Nest
 49016 | Spider:2 | Noticed Arachne
 49102 | Spider:2 | Noticed Agnes
 49114 | Spider:1 | Slain by Agnes

Vault maps used:
D:1:      co_arrival_square_in_a_square_in_a_square
D:2:      first_bread
D:3:      grunt_qazlal_clouds
D:4:      serial_shops, nicolae_shop_window_shopping,
          makhleb_blood_cavern_becter
D:5:      minmay_temple_entry_glass, grunt_ministairs_2
D:6:      lemuel_crystal_altar, uniq_sigmund
D:8:      gammafunk_temple_overflow_statue, erik_lair_island, special_room,
          serial_shops, shop, okawaru_gym_becter
D:10:     hangedman_pestilent_swarm, kennysheep_small_square, uniq_urug
D:11:     kennysheep_pointless_box, minmay_misc_feat_chi, uniq_nergalle,
          uniq_maurice, uniq_grum
D:12:     david_orc_5, basic_altar
D:13:     grunt_vaults_entry_tiered, minivault_14,
          minmay_the_grid_triangle_9x9_rhombus_full
D:14:     regret_index_bee_streams, dk_noncrumbling_4
D:15:     hangedman_depths_entry_try_elsewhere_first, minmay_misc_feat_iff,
          minmay_librarian
Temple:   dpeg_five_rooms_temple
Lair:1:   grunt_megastairs_5
Lair:2:   swamp_mist_pool, beast_lair_carwin_6
Lair:3:   nicolae_spider_entry_tight_spaces
Lair:4:   st_stairs_3, grunt_megastairs_1
Lair:5:   uniq_josephine
Lair:6:   minmay_lair_end_frog_pond, minmay_slime_entry_pillars,
          serial_bayou_shore_b
Swamp:1:  evilmike_swamp_ruin_house_2
Swamp:2:  evilmike_swamp_ruin_house_5
Swamp:3:  evilmike_swamp_ruin_house_4
Swamp:4:  swamp_pestilence, uniq_roxanne
Spider:2: spider_trap, uniq_arachne, uniq_agnes
Orc:1:    nicolae_orc_lava_tube, abandoned_shop, rock_pile
Orc:2:    st_orc_congregation, serial_shops, shop, mines2_david
Depths:1: grunt_metal_band, kennysheep_crisscross,
          wheals_unrand_guarded_autumn_katana

Skill      XL: |  1  2  3  4  5  6  7  8  9 10 11 12 13 14 15 16 17 |
---------------+----------------------------------------------------+-----
Dodging        | 1 2 3 4 5 6 7 8 9 |  9.9
Long Blades    | 2 3 4 6 7 8 9 10 11 12 | 12.7
Fighting       | 4 5 6 7 9 10 11 12 13 14 15 | 15.6
Shields        | 3 |  3.2
Armour         | 3 4 5 6 7 8 9 10 11 | 11.2
Evocations     | 1 3 4 5 6 7 8 |  8.5
Spellcasting   | 3 5 6 7 9 10 11 | 11.4
Stealth        | 2 4 5 6 7 8 |  8.2
Charms         | 1 3 4 5 6 |  6.3

Action                   |  1- 3 |  4- 6 |  7- 9 | 10-12 | 13-15 | 16-18 || total
-------------------------+-------+-------+-------+-------+-------+-------++-------
Melee: Long sword        |   105 |   144 |       |       |       |       ||   249
       Great sword       |       |    30 |   243 |   637 |  1233 |  1101 ||  3244
 Cast: Infusion          |       |       |       |       |     8 |     1 ||     9
       Song of Slaying   |       |       |       |       |     4 |       ||     4
Invok: Call Merchant     |       |       |       |     2 |     2 |     2 ||     6
Evoke: Wand              |       |       |     3 |     5 |    23 |    15 ||    46
       Lamp of fire      |       |       |       |       |     1 |     3 ||     4
  Use: Scroll            |       |     7 |     3 |     2 |     9 |    12 ||    33
 Stab: Sleeping          |       |     1 |     1 |    24 |    13 |       ||    39
       Distracted        |       |       |       |     6 |    15 |     7 ||    28
       Confused          |       |       |       |       |     1 |       ||     1
Armor: Scale mail        |    29 |    53 |       |       |       |       ||    82
       Ring mail         |       |    36 |   162 |   320 |    66 |       ||   584
       Acid dragon scale |       |       |       |       |   213 |       ||   213
       Crystal plate arm |       |       |       |       |   755 |  1634 ||  2389
Dodge: Dodged            |    43 |    88 |   198 |   479 |   843 |   618 ||  2269
Block: Shield            |    41 |    82 |       |       |       |       ||   123
       Rpst.: Long sword |    14 |    32 |       |       |       |       ||    46
       Great sword       |       |     7 |    75 |   147 |   216 |   141 ||   586
